 Dungeon Crawl Stone Soup version 0.29.1-12-g30fa7ad0bf (webtiles) character file.

Game seed: 9183219266160568733

254 hawla the Chiller (level 6, -2/45 HPs)
             Began as a Meteoran Ice Elementalist on Dec 12, 2022.
             Slain by a gnoll
             ... wielding a +0 flail
             ... led by a gnoll bouda
              (5 damage)
             ... on level 5 of the Dungeon.
             The game lasted 00:05:24 (1039 turns).

hawla the Chiller (Meteoran Ice Elementalist)       Turns: 1039, Time: 00:05:25

Health: -2/45      AC:  3    Str:  9    XL:     6   Next: 65%
Magic:  14/14      EV: 13    Int: 18    God:
Gold:   111        SH:  0    Dex: 16    Spells: 10/14 levels left

rFire   . . .      SeeInvis .   (no weapon)
rCold   . . .      Faith    .   (no shield)
rNeg    . . .      Spirit   .   a - +0 robe
rPois   .          Reflect  .   (no helmet)
rElec   .          Harm     .   c - +0 cloak
rCorr   .          Rampage  .   (no gloves)
Will    .....                   (no boots)
Stlth   +.........              (no amulet)
HPRegen 0.15/turn               (no ring)
MPRegen 0.14/turn               (no ring)

@: lethally poisoned (-2 -> -4), attractive, glowing
A: sense surroundings 1, otherworldly, glowing, explore regen, deterioration 1,
MP-powered wands
a: no special abilities


You were on level 5 of the Dungeon.
You visited 1 branch of the dungeon, and saw 5 of its levels.

You collected 111 gold pieces.

Inventory:

Armour
 a - a +0 robe (worn)
 c - a +0 cloak (worn)
Wands
 l - a wand of polymorph (4)
Scrolls
 d - 5 scrolls of identify
 e - a scroll of blinking {unknown}
 f - a scroll of noise {unknown}
 g - a scroll of poison {unknown}
 i - a scroll of magic mapping {unknown}
 j - a scroll of teleportation {unknown}
 m - 2 scrolls of torment {unknown}
Potions
 k - 2 potions of attraction


   Skills:
 + Level 0.1 Fighting
 + Level 2.7 Dodging
 - Level 1.4 Stealth
 + Level 4.8 Spellcasting
 + Level 6.8 Ice Magic


You had 10 spell levels left.
You knew the following spells:

 Your Spells              Type           Power      Damage    Failure   Level
a - Freeze                Ice            100%       1d11      1%          1
b - Frozen Ramparts       Ice            58%        1d9       2%          3

Your spell library contained the following spells:

 Spells                   Type           Power      Damage    Failure   Level
 Ozocubu's Armour         Ice            29%        N/A       2%          3
 Magic Dart               Conj           16%        1d3       14%         1
 Call Imp                 Summ           4%         N/A       21%         2
 Hailstorm                Conj/Ice       16%        3d6       32%         4
 Conjure Flame            Conj/Fire      4%         6-21      38%         3
 Ignite Poison            Fire/Tmut/Pois 4%         N/A       38%         3
 Mephitic Cloud           Conj/Pois/Air  4%         N/A       38%         3
 Stone Arrow              Conj/Erth      8%         3d7       38%         3
 Animate Armour           Summ/Erth      8%         N/A       80%         4
 Sticky Flame             Conj/Fire      4%         2d3       80%         4
 Lehudib's Crystal Spear  Conj/Erth      2%         10d2      100%        8


Dungeon Overview and Level Annotations

Branches:
Dungeon (5/15) Zot: 1957
 Temple: D:4-7

Altars:
Cheibriados


Innate Abilities, Weirdness & Mutations

You passively map a small area around you.
You are easily found by Zot.
You glow in the dark.
You regain HP and MP as you explore.
Your body sometimes deteriorates upon taking damage.
You expend magic power (3 MP) to strengthen your wands.


Message History

The scorpion stings you.
Unknown command.
Casting: Freeze (safe; 1% risk of failure)
Confirm with . or Enter, or press ? or * to list all spells.
Aiming: Freeze (safe; 1% risk of failure)
Press: ? - help, Shift-Dir - straight line, f/p - scorpion
Aim: a scorpion (almost dead)
You freeze the scorpion!
You kill the scorpion!
You feel sick.
The wall freezes the gnoll but does no damage.
The wall freezes the gnoll!
The wall freezes the gnoll.
The wall freezes the gnoll!
The gnoll hits you but does no damage.
The wall freezes the gnoll.
The gnoll hits you with a +0 whip.
The wall freezes the gnoll bouda.
The gnoll bouda gazes fiercely through you!
You feel your attacks grow feeble.
The gnoll bouda hits you with a +0 club!
* * * LOW HITPOINT WARNING * * *
It was a potion of cancellation.
Your magical effects are unravelling.
You feel magically purged.
The frozen ramparts melt away.
Your attacks no longer feel as feeble.
You feel sick. The gnoll hits you with a +0 whip.
* * * LOW HITPOINT WARNING * * *
The gnoll closely misses you.
It was a potion of attraction.
You feel attractive to monsters.
You feel sick. The gnoll hits you but does no damage.
The gnoll closely misses you. The gnoll bouda misses you.
It was a potion of mutation.
You feel extremely strange.
You feel your magical essence link to the dungeon's wands.
You feel yourself wasting away.
You feel sick. The gnoll hits you but does no damage.
The gnoll closely misses you. x2; The gnoll bouda closely misses you.
Magic courses through your body.
You feel sick. The gnoll misses you. The gnoll hits you with a +0 whip.
* * * LOW HITPOINT WARNING * * *
The gnoll hits you with a +0 flail.
You die...

, * , , * ... ,
* ,..# * * ,* *
* #.# , #.#*,*##
, * , ..., .. *,
# #.# .## * ,
.####.#g#.).# *
,......)@g# ,
*.....>)gg.....#
* , ,
#####.##.#....#
** #. #) #... *
# #. .# * **
*.., . * , ,, ,
..,, , ,,, , ,
... * , , ,


You could see a gnoll bouda and 3 gnolls.

Vanquished Creatures
  A scorpion (D:5)
  Jessica (D:3)
  Terence (D:2)
  2 orc wizards (D:5)
  Natasha (D:2)
  A gnoll (D:5)
  3 adders
  A worm (D:2)
  2 orcs (D:5)
  4 ball pythons
  2 bats
  An endoplasm (D:2)
  3 goblins
  4 hobgoblins
  3 jackals (D:1)
  2 kobolds
  A quokka (D:2)
  2 frilled lizards
35 creatures vanquished.

Notes
Turn   | Place    | Note
-------+----------+-------------------------------------------
     0 | D:1      | hawla the Meteoran Ice Elementalist began the quest for the
                  | Orb.
     0 | D:1      | Reached XP level 1. HP: 14/14 MP: 5/5
    24 | D:1      | Reached XP level 2. HP: 8/20 MP: 0/6
   188 | D:3      | Noticed Jessica
   188 | D:3      | Noticed Terence
   190 | D:3      | Reached skill level 5 in Ice Magic
   190 | D:3      | Reached XP level 3. HP: 26/26 MP: 6/8
   330 | D:4      | Reached XP level 4. HP: 32/33 MP: 5/10
   335 | D:4      | Learned a level 3 spell: Frozen Ramparts
   906 | D:2      | Killed Terence
   925 | D:2      | Found a snail-covered altar of Cheibriados.
   930 | D:2      | Reached XP level 5. HP: 33/38 MP: 4/11
   933 | D:2      | Noticed Natasha
   936 | D:2      | Killed Natasha
   937 | D:2      | Reached skill level 6 in Ice Magic
   997 | D:3      | Killed Jessica
  1029 | D:5      | Entered Level 5 of the Dungeon
  1034 | D:5      | Reached XP level 6. HP: 32/45 MP: 6/13
  1038 | D:5      | Gained mutation: You expend magic power (3 MP) to
                  | strengthen your wands. [potion of mutation]
  1038 | D:5      | Gained mutation: Your body sometimes deteriorates upon
                  | taking damage. [potion of mutation]
  1039 | D:5      | Slain by a gnoll

Illustrated notes

Levels and vault maps discovered:
D:1:      spicycebolla_arrival_ecumenical, layout_loops_ring,
          nicolae_hexahallways
D:2:      layout_basic, basic_altar, chequers_serial_rivers_marsh, uniq_natasha
D:3:      layout_rooms, mainiacjoe_overflow_cross_hatched, uniq_ijyb,
          uniq_jessica, uniq_terence, uniq_robin
D:4:      layout_loops_cross
D:5:      layout_loops_ring, lemuel_zombie_altar_yredelemnul, serial_shops, shop

Skill      XL: |  1  2  3  4  5 |
---------------+----------------+-----
Spellcasting   | 3 4 |  4.8
Ice Magic      | 5 6 |  6.8
Fighting       | |  0.1
Dodging        | |  2.7
Stealth        | |  1.4

Action                   |  1- 3 |  4- 6 || total
-------------------------+-------+-------++-------
Melee: Unarmed           |    12 |       ||    12
 Cast: Freeze            |    29 |    15 ||    44
       Frozen Ramparts   |       |     7 ||     7
  Use: Scroll            |     1 |       ||     1
       Potion            |       |     4 ||     4
 Stab: Sleeping          |     1 |       ||     1
Armor: Robe              |     8 |     9 ||    17
Dodge: Dodged            |    21 |    13 ||    34
